 Dungeon Crawl Stone Soup version 0.29-a0-284-gf9362112df (webtiles) character file.

Game seed: 4925003922963027811

63 drugrobin the Chopper (level 3, -4/31 HPs)
             Began as a Demigod Fighter on Mar 20, 2022.
             Splashed by a jelly's acid (6 damage)
             ... on level 2 of the Dungeon.
             The game lasted 00:04:04 (1797 turns).

drugrobin the Chopper (Demigod Fighter)             Turns: 1797, Time: 00:04:07

Health: -4/31      AC:  3    Str: 21    XL:     3   Next: 63%
Magic:  5/5        EV:  9    Int: 10    God:
Gold:   73         SH:  4    Dex: 13    Spells: 2/2 levels left

rFire   . . .      SeeInvis .   a - +0 war axe
rCold   . . .      Faith    .   c - +0 buckler
rNeg    . . .      Spirit   .   b - +0 scale mail
rPois   +          Reflect  .   n - +0 helmet
rElec   .          Harm     .   (no cloak)
rCorr   .          Rampage  .   (no gloves)
Will    .....                   (no boots)
Stlth   ..........              (no amulet)
HPRegen 0.10/turn               m - ring of poison resistance
MPRegen 0.09/turn               (no ring)

@: corroded
A: high MP 1, forlorn, divine attributes
a: no special abilities


You were on level 2 of the Dungeon.
You visited 1 branch of the dungeon, and saw 3 of its levels.

You collected 89 gold pieces.
You spent 16 gold pieces at shops.

Inventory:

Hand Weapons
 a - a +0 war axe (weapon)
Missiles
 i - 7 poisoned darts (quivered)
 s - a throwing net
Armour
 b - a +0 scale mail (worn)
 c - a +0 buckler (worn)
 n - a +0 helmet (worn)
Jewellery
 m - a ring of poison resistance (left hand)
Scrolls
 e - 3 scrolls of teleportation
 g - a scroll of noise {unknown}
 h - a scroll of brand weapon {unknown}
 j - a scroll of amnesia {unknown}
 o - 3 scrolls of identify
 p - a scroll of vulnerability {unknown}
 q - 2 scrolls of fear {unknown}
Potions
 d - a potion of might
 k - a potion of curing {unknown}
 l - a potion of berserk rage {unknown}
 r - a potion of flight {unknown}


   Skills:
 + Level 3.3 Fighting
 * Level 3.3 Axes
 - Level 2.6 Armour
 - Level 2.6 Shields


You had 2 spell levels left.
You didn't know any spells.
Your spell library contained the following spells:

 Spells                   Type           Power      Damage    Failure   Level
 Gell's Gravitas          Tloc           0%         N/A       99%         3
 Lesser Beckoning         Tloc           0%         N/A       99%         3
 Teleport Other           Tloc           0%         N/A       99%         3


Dungeon Overview and Level Annotations

Branches:
Dungeon (3/15)

Shops:
D:1 (


Innate Abilities, Weirdness & Mutations

You have an increased reservoir of magic. (+10% MP)
You shall have no god before yourself.
Your divine heritage dramatically boosts your attributes as you level up.


Message History

Unknown command.
Unknown command.
Unknown command.
You slash the jelly!
Your hands burn!
The jelly is severely wounded.
The endoplasm jiggles.
The jelly barely misses you. The jelly hits you. The acid corrodes you!
You are splashed with acid!
* * * LOW HITPOINT WARNING * * *
Unknown command.
Unknown command.
Unknown command.
Unknown command.
Unknown command.
Okay, then.
Unknown command.
Okay, then.
Unknown command.
Unknown command.
Unknown command.
Unknown command.
Unknown command.
Unknown command.
Unknown command.
Unknown command.
Unknown command.
Unknown command.
Unknown command.
Unknown command.
As you read the scroll labelled GOFU FAOZARGH, it crumbles to dust.
It is a scroll of identify.
e - 3 scrolls of teleportation The jelly barely misses you.
As you read the scroll labelled MIRUMUCOZE, it crumbles to dust.
You feel a surge of unholy energy.
The jelly convulses! x2
The endoplasm convulses!
It was a scroll of torment.
A nearby fungus withers and dies.
The jelly hits you.
* * * LOW HITPOINT WARNING * * *
You are splashed with acid.
You die...

#....###########
##.#.##.....P.P?
#.#.##.....P.÷÷
#...##...÷....÷
###.##..÷.J..P.
#.##...J.P.P.
#.##JJJP÷P... #.#
#J####### #.#
##@.)...## #.#
########.# #.#
#....'..##
#.###.###....####
#......##.......#
######.##.......#
#.##.......#
#.##.......#
#.###)))..##


You could see 2 jellies and an endoplasm.

Vanquished Creatures
  An adder (D:2)
  A worm (D:3)
  A dart slug (D:1)
  5 bats
  6 endoplasms
  2 giant cockroaches
  4 goblins
  2 hobgoblins
  4 jackals (D:1)
  4 ball pythons
  4 frilled lizards
  12 kobolds
  2 rats
48 creatures vanquished.

Vanquished Creatures (others)
  3 fungi (D:2)
  6 toadstools (D:2)
9 creatures vanquished.

Grand Total: 57 creatures vanquished

Notes
Turn   | Place    | Note
-------+----------+-------------------------------------------
     0 | D:1      | drugrobin the Demigod Fighter began the quest for the Orb.
     0 | D:1      | Reached XP level 1. HP: 18/18 MP: 3/3
   343 | D:1      | Reached XP level 2. HP: 25/25 MP: 4/4
   599 | D:1      | Found Keghimas's Weapon Shoppe.
   603 | D:1      | Bought 3 poisoned darts for 16 gold pieces
  1091 | D:2      | You fall into a shaft and drop 1 floor!
  1135 | D:3      | Reached XP level 3. HP: 20/31 MP: 5/5
  1797 | D:2      | Splashed by a jelly's acid

Illustrated notes

Levels and vault maps discovered:
D:1:      roderic_dead_forest, layout_loops_ring, serial_shops, shop
D:2:      cheibrodos_fertilizer, layout_basic,
          ebering_ecumenical_altar_sacrificial
D:3:      layout_loops_corners, nicolae_figureground_sparkle

Skill      XL: |  1  2  3 |
---------------+----------+-----
Axes           | 2 3 |  3.3
Fighting       | 3 |  3.3
Armour         | |  2.6
Shields        | |  2.6

Action                   || total
-------------------------++-------
Melee: War axe           ||   130
Throw: Dart              ||     5
  Use: Scroll            ||     2
Armor: Scale mail        ||    82
Dodge: Dodged            ||    59
Block: Buckler           ||    26

Table legend: (Time is in decaauts)
 A = Elapsed time spent in this place.
 B = Non-inter-level travel time spent in this place.
 C = Inter-level travel time spent in this place.
 D = Time resting spent in this place.
 E = Time spent auto-exploring this place.
 F = Levels seen in this place.
 G = Mean time per level.
                   A        B        C        D        E       F      G
               +--------+--------+--------+--------+--------+-----+--------+
         Total |   1851 |   1811 |     40 |    282 |   1068 |   3 |  617.0 |
       Dungeon |   1851 |   1811 |     40 |    282 |   1068 |   3 |  617.0 |
               +--------+--------+--------+--------+--------+-----+--------+

Top non-repeatable levels by time:
     D:1: 1038 daAuts
     D:2: 566 daAuts
     D:3: 245 daAuts
